TOP OF THE 1ST |
D.C. Divided batting - Pitching for Detroit Elite : RHP Julián Moreno
|
Pitching: RHP Julián Moreno
|
|
Batting: RHB Kimi Okubo
|
0-0: Ball 1-0: Called Strike 1-1: Called Strike 1-2: Ball 2-2: Ball 3-2: Fly out, F8 (Line Drive, 8LD, EV 90.0 MPH)
|
Batting: LHB Bill Butler
|
0-0: Ball 1-0: Called Strike 1-1: Ball 2-1: Ball 3-1: Foul Ball, location: 2F 3-2: Foul Ball, location: 2F 3-2: SOLO HOME RUN (Flyball, 89XD, EV 108.8 MPH), Distance : 409 ft
|
Batting: RHB Francisco Alhama
|
0-0: Ball 1-0: Called Strike 1-1: Ball 2-1: Fly out, F8 (Flyball, 8RS, EV 83.8 MPH)
|
Batting: LHB Manuel Carmona
|
0-0: Ball 1-0: Called Strike 1-1: Ball 2-1: Ball 3-1: Base on Balls
|
Batting: SHB Billy Dotson
|
0-0: Called Strike 0-1: Ball Manuel Carmona steals 2nd, throwing error, E2 Manuel Carmona to third 1-1: Ball 2-1: DOUBLE (Line Drive, 78XD, EV 107.5 MPH) Manuel Carmona scores
|
Batting: RHB Martín Chávez
|
0-0: Reached on error, E5 (Groundball, 56, EV 86.2 MPH) Billy Dotson to third
|
Batting: RHB Layton Arntsen
|
0-0: Swinging Strike 0-1: Ball 1-1: Foul Ball, location: 2F 1-2: Fly out, F8 (Line Drive, 8RD, EV 90.6 MPH)
|
Top of the 1st over - 2 runs, 2 hits, 2 errors, 2 left on base; D.C. 2 - Detroit 0 |
BOTTOM OF THE 1ST |
Detroit Elite batting - Pitching for D.C. Divided : RHP César Sandoval
|
Pitching: RHP César Sandoval
|
|
Batting: RHB Dejmi Dumervil
|
0-0: Ball 1-0: Called Strike 1-1: Ball 2-1: Foul Ball, location: 2F 2-2: Ball 3-2: Base on Balls
|
Batting: LHB Jack McCusker
|
0-0: Ball Dejmi Dumervil steals 2nd base 1-0: Called Strike 1-1: Ball 2-1: Foul Ball, location: 2F 2-2: Foul Ball, location: 2F 2-2: Foul Ball, location: 2F 2-2: DOUBLE (Groundball, 3L, EV 105.6 MPH) Dejmi Dumervil scores
|
Batting: RHB Gah-fat Liu
|
0-0: Ball Jack McCusker steals 3rd base 1-0: Foul Ball, location: 2F 1-1: Ground out 4-3 (Groundball, 4, EV 86.9 MPH) Jack McCusker scores
|
Batting: RHB Manuel Ramos
|
0-0: Swinging Strike 0-1: Ball 1-1: Ball 2-1: Fly out, F9 (Flyball, 9LS, EV 95.0 MPH)
|
Batting: RHB Amon-Ra St. Brown
|
0-0: Called Strike 0-1: Ball 1-1: Ball 2-1: Ball 3-1: Called Strike 3-2: SINGLE (Line Drive, 9LS, EV 105.6 MPH)
|
Batting: LHB Ashley Thachi
|
0-0: Ball 1-0: Ball 2-0: Ball 3-0: Base on Balls Amon-Ra St. Brown to second
|
Batting: RHB Daryl Yandell
|
0-0: Ball Wild Pitch! Amon-Ra St. Brown to third Ashley Thachi to second 1-0: Called Strike 1-1: Ball 2-1: Swinging Strike 2-2: Ball 3-2: Strikes out swinging
|
Bottom of the 1st over - 2 runs, 2 hits, 0 errors, 2 left on base; D.C. 2 - Detroit 2 |
TOP OF THE 2ND |
D.C. Divided batting - Pitching for Detroit Elite : RHP Julián Moreno
|
Batting: LHB Buddy Patton
|
0-0: Ball 1-0: Foul Ball, location: 2F 1-1: Swinging Strike 1-2: Strikes out swinging
|
Batting: RHB Charles Atkinson
|
0-0: Ball 1-0: Foul Ball, location: 2F 1-1: Ball 2-1: Ground out U3 (Groundball, 34, EV 85.6 MPH)
|
Batting: RHB Kimi Okubo
|
0-0: Ball 1-0: Foul Ball, location: 2F 1-1: Ball 2-1: Foul Ball, location: 2F 2-2: Ball 3-2: Base on Balls
|
Batting: LHB Bill Butler
|
0-0: Ball Kimi Okubo steals 2nd base 1-0: Foul Ball, location: 2F 1-1: Ball 2-1: SINGLE (Groundball, 6MD, EV 96.9 MPH) Kimi Okubo to third Runner from 3rd tries for Home, SAFE, throw by CF to home
|
Batting: RHB Francisco Alhama
|
0-0: Ball 1-0: Swinging Strike 1-1: Fielders Choice at 2nd, 6-4 (Groundball, 6, EV 92.5 MPH)
|
Top of the 2nd over - 1 run, 1 hit, 0 errors, 1 left on base; D.C. 3 - Detroit 2 |
BOTTOM OF THE 2ND |
Detroit Elite batting - Pitching for D.C. Divided : RHP César Sandoval
|
Batting: RHB Freedon Akinmoladun
|
0-0: Ball 1-0: Ball 2-0: Ball 3-0: Called Strike 3-1: Called Strike 3-2: Strikes out swinging
|
Batting: LHB Murray Sperber
|
0-0: Ball 1-0: Called Strike 1-1: Called Strike 1-2: Strikes out swinging
|
Batting: RHB Dejmi Dumervil
|
0-0: Foul Ball, location: 2F 0-1: Fly out, F4 (Popup, 34, EV 58.8 MPH)
|
Bottom of the 2nd over - 0 runs, 0 hits, 0 errors, 0 left on base; D.C. 3 - Detroit 2 |
TOP OF THE 3RD |
D.C. Divided batting - Pitching for Detroit Elite : RHP Julián Moreno
|
Batting: LHB Manuel Carmona
|
0-0: Called Strike 0-1: Ball 1-1: Called Strike 1-2: Ball 2-2: Foul Ball, location: 2F 2-2: Ball 3-2: Foul Ball, location: 2F 3-2: SINGLE (Groundball, 6MS, EV 71.9 MPH) (infield hit)
|
Batting: SHB Billy Dotson
|
0-0: Fly out, F8 (Flyball, 8LS, EV 88.1 MPH)
|
Batting: RHB Martín Chávez
|
0-0: Fly out, F9 (Flyball, 9S, EV 91.9 MPH)
|
Batting: RHB Layton Arntsen
|
0-0: Ball 1-0: Called Strike 1-1: Foul Ball, location: 2F 1-2: Ball 2-2: Fly out, F8 (Flyball, 8LM, EV 90.0 MPH)
|
Top of the 3rd over - 0 runs, 1 hit, 0 errors, 1 left on base; D.C. 3 - Detroit 2 |
BOTTOM OF THE 3RD |
Detroit Elite batting - Pitching for D.C. Divided : RHP César Sandoval
|
Batting: LHB Jack McCusker
|
0-0: Fly out, F8 (Flyball, 8LM, EV 81.9 MPH)
|
Batting: RHB Gah-fat Liu
|
0-0: Called Strike 0-1: Ball 1-1: Foul Ball, location: 2F 1-2: Ball 2-2: Ball 3-2: Foul Ball, location: 2F 3-2: Foul Ball, location: 2F 3-2: Foul Ball, location: 2F 3-2: SINGLE (Line Drive, 8LS, EV 95.6 MPH)
|
Batting: RHB Manuel Ramos
|
0-0: Ball 1-0: Fly out, F4 (Popup, 3, EV 56.2 MPH)
|
Batting: RHB Amon-Ra St. Brown
|
0-0: Foul Ball, location: 2F 0-1: Ball 1-1: Foul Ball, location: 2F 1-2: Strikes out swinging
|
Bottom of the 3rd over - 0 runs, 1 hit, 0 errors, 1 left on base; D.C. 3 - Detroit 2 |
TOP OF THE 4TH |
D.C. Divided batting - Pitching for Detroit Elite : RHP Julián Moreno
|
Batting: LHB Buddy Patton
|
0-0: Ground out 5-3 (Groundball, 56, EV 89.4 MPH)
|
Batting: RHB Charles Atkinson
|
0-0: Called Strike 0-1: Ball 1-1: Ground out 5-3 (Groundball, 56S, EV 83.8 MPH)
|
Batting: RHB Kimi Okubo
|
0-0: Ball 1-0: Ball 2-0: Ball 3-0: Base on Balls
|
Batting: LHB Bill Butler
|
0-0: Called Strike Kimi Okubo steals 2nd base 0-1: Swinging Strike 0-2: Ball 1-2: Ball 2-2: Foul Ball, location: 2F 2-2: Strikes out swinging
|
Top of the 4th over - 0 runs, 0 hits, 0 errors, 1 left on base; D.C. 3 - Detroit 2 |
BOTTOM OF THE 4TH |
Detroit Elite batting - Pitching for D.C. Divided : RHP César Sandoval
|
Batting: LHB Ashley Thachi
|
0-0: Swinging Strike 0-1: Ball 1-1: Foul Ball, location: 2F 1-2: Foul Ball, location: 2F 1-2: SINGLE (Groundball, 34, EV 88.1 MPH) (infield hit)
|
Batting: RHB Daryl Yandell
|
0-0: Ball 1-0: Swinging Strike 1-1: Called Strike 1-2: Ball 2-2: Foul Ball, location: 2F 2-2: Foul Ball, location: 2F 2-2: Strikes out looking
|
Batting: RHB Freedon Akinmoladun
|
0-0: Ball 1-0: Called Strike 1-1: SINGLE (Line Drive, 9LS, EV 91.9 MPH) Ashley Thachi to second Runner from 2nd tries for 3rd, SAFE, throw by RF made to third
|
Batting: LHB Murray Sperber
|
0-0: Called Strike 0-1: Ball Wild Pitch! Ashley Thachi scores Freedon Akinmoladun to second 1-1: Ball 2-1: Foul Ball, location: 2F 2-2: Foul Ball, location: 2F 2-2: Ground out U3 (Groundball, 34, EV 90.6 MPH) Freedon Akinmoladun to third
|
Batting: RHB Dejmi Dumervil
|
0-0: Ball 1-0: Called Strike 1-1: 2-RUN HOME RUN (Flyball, 7D, EV 95.6 MPH), Distance : 355 ft
|
Batting: LHB Jack McCusker
|
0-0: Called Strike 0-1: Foul Ball, location: 2F 0-2: Foul Ball, location: 2F 0-2: Ball 1-2: Fly out, F8 (Flyball, 8LM, EV 93.8 MPH)
|
Bottom of the 4th over - 3 runs, 3 hits, 0 errors, 0 left on base; D.C. 3 - Detroit 5 |
TOP OF THE 5TH |
D.C. Divided batting - Pitching for Detroit Elite : RHP Julián Moreno
|
Pitching: LHP Hercules Mata'afa
|
|
Batting: RHB Francisco Alhama
|
0-0: SINGLE (Line Drive, 4D, EV 108.8 MPH)
|
Batting: LHB Manuel Carmona
|
0-0: Ball 1-0: Called Strike 1-1: Foul Ball, location: 2F 1-2: Ball 2-2: DOUBLE (Flyball, 78XD, EV 96.9 MPH) Francisco Alhama to third
|
Batting: SHB Billy Dotson
|
0-0: Ball 1-0: Called Strike 1-1: Called Strike 1-2: Foul Ball, location: 2F 1-2: Ball 2-2: Foul Ball, location: 2F 2-2: Fly out, F3 (Popup, 3, EV 67.5 MPH)
|
Batting: RHB Martín Chávez
|
0-0: Ball 1-0: Ball 2-0: Called Strike 2-1: Foul Ball, location: 2F 2-2: Foul Ball, location: 2F 2-2: Fly out, F4 (Popup, 4, EV 80.0 MPH)
|
Batting: RHB Layton Arntsen
|
0-0: Swinging Strike 0-1: Ball 1-1: Ball 2-1: Swinging Strike 2-2: Ball 3-2: Base on Balls
|
Batting: LHB Buddy Patton
|
0-0: Fly out, F5 (Popup, 25, EV 93.1 MPH)
|
Top of the 5th over - 0 runs, 2 hits, 0 errors, 3 left on base; D.C. 3 - Detroit 5 |
BOTTOM OF THE 5TH |
Detroit Elite batting - Pitching for D.C. Divided : RHP César Sandoval
|
Pitching: RHP Ryunosuke Kurota
|
|
Batting: RHB Gah-fat Liu
|
0-0: SINGLE (Groundball, 56D, EV 103.1 MPH)
|
Batting: RHB Manuel Ramos
|
0-0: Ball 1-0: Ball 2-0: SINGLE (Line Drive, 7S, EV 86.2 MPH) Gah-fat Liu to second
|
Batting: RHB Amon-Ra St. Brown
|
0-0: Called Strike 0-1: Called Strike 0-2: Foul Ball, location: 2F 0-2: Strikes out swinging
|
Batting: LHB Ashley Thachi
|
0-0: Ball 1-0: Ball 2-0: Ball 3-0: Called Strike 3-1: Base on Balls Gah-fat Liu to third Manuel Ramos to second
|
Batting: RHB Daryl Yandell
|
0-0: Ball 1-0: Called Strike 1-1: Foul Ball, location: 2F 1-2: Strikes out swinging
|
Batting: RHB Freedon Akinmoladun
|
0-0: Ball 1-0: Foul Ball, location: 2F 1-1: Ball 2-1: Foul Ball, location: 2F 2-2: Foul Ball, location: 2F 2-2: Foul Ball, location: 2F 2-2: Ball 3-2: Foul Ball, location: 2F 3-2: Base on Balls Gah-fat Liu scores Manuel Ramos to third Ashley Thachi to second
|
Batting: LHB Murray Sperber
|
0-0: Ball 1-0: Called Strike 1-1: Ball 2-1: Ball 3-1: DOUBLE (Line Drive, 78D, EV 110.0 MPH) Manuel Ramos scores Ashley Thachi scores Freedon Akinmoladun to third
|
Pitching: RHP Gunnar Hoglund
|
|
Batting: RHB Dejmi Dumervil
|
0-0: Called Strike 0-1: Ball 1-1: Foul Ball, location: 2F 1-2: Ball 2-2: Strikes out swinging
|
Bottom of the 5th over - 3 runs, 3 hits, 0 errors, 2 left on base; D.C. 3 - Detroit 8 |
TOP OF THE 6TH |
D.C. Divided batting - Pitching for Detroit Elite : LHP Hercules Mata'afa
|
Batting: RHB Charles Atkinson
|
0-0: Called Strike 0-1: Ball 1-1: SINGLE (Groundball, 6MD, EV 103.1 MPH)
|
Batting: RHB Kimi Okubo
|
0-0: Ball 1-0: Swinging Strike 1-1: Called Strike 1-2: Foul Ball, location: 2F 1-2: Strikes out swinging
|
Batting: LHB Bill Butler
|
0-0: Fly out, F5 (Popup, 56, EV 75.6 MPH)
|
Batting: RHB Francisco Alhama
|
0-0: 2-RUN HOME RUN (Flyball, 7D, EV 100.6 MPH), Distance : 375 ft
|
Batting: LHB Manuel Carmona
|
0-0: Ball 1-0: Ball 2-0: Ground out 4-3 (Groundball, 4, EV 91.9 MPH)
|
Top of the 6th over - 2 runs, 2 hits, 0 errors, 0 left on base; D.C. 5 - Detroit 8 |
BOTTOM OF THE 6TH |
Detroit Elite batting - Pitching for D.C. Divided : RHP Gunnar Hoglund
|
Batting: LHB Jack McCusker
|
0-0: Ball 1-0: Reached on error, E1 (Groundball, 13, EV 43.8 MPH)
|
Batting: RHB Gah-fat Liu
|
0-0: Called Strike 0-1: Fly out, F8 (Line Drive, 8LM, EV 95.0 MPH)
|
Batting: RHB Manuel Ramos
|
0-0: Called Strike 0-1: Ball 1-1: Ball Wild Pitch! Jack McCusker to third 2-1: Ground out 5-3 (Groundball, 5S, EV 81.2 MPH)
|
Batting: RHB Amon-Ra St. Brown
|
0-0: DOUBLE (Line Drive, 3D, EV 94.4 MPH) Jack McCusker scores
|
Batting: LHB Ashley Thachi
|
0-0: Ball 1-0: Foul Ball, location: 2F 1-1: Ball 2-1: Ground out U3 (Groundball, 3S, EV 68.8 MPH)
|
Bottom of the 6th over - 1 run, 1 hit, 1 error, 1 left on base; D.C. 5 - Detroit 9 |
TOP OF THE 7TH |
D.C. Divided batting - Pitching for Detroit Elite : LHP Hercules Mata'afa
|
Batting: SHB Billy Dotson
|
0-0: Foul Ball, location: 2F 0-1: TRIPLE (Flyball, 8LXD, EV 105.0 MPH)
|
Batting: RHB Martín Chávez
|
0-0: Called Strike 0-1: 2-RUN HOME RUN (Flyball, 7D, EV 89.4 MPH), Distance : 364 ft
|
Pitching: RHP Joel Plowden
|
|
Now in LF: Estanislao Hirigoyen
|
|
Batting: RHB Layton Arntsen
|
0-0: Ball 1-0: Ball 2-0: Foul Ball, location: 2F 2-1: Called Strike 2-2: Foul Ball, location: 2F 2-2: Strikes out looking
|
Batting: LHB Buddy Patton
|
0-0: Ball 1-0: Called Strike 1-1: Ball 2-1: Ball 3-1: Base on Balls
|
Batting: RHB Charles Atkinson
|
0-0: Called Strike 0-1: Ball 1-1: Foul Ball, location: 2F 1-2: Strikes out swinging
|
Batting: RHB Kimi Okubo
|
0-0: Ball 1-0: Swinging Strike 1-1: Fly out, F9 (Flyball, 9LSF, EV 88.8 MPH)
|
Top of the 7th over - 2 runs, 2 hits, 0 errors, 1 left on base; D.C. 7 - Detroit 9 |
BOTTOM OF THE 7TH |
Detroit Elite batting - Pitching for D.C. Divided : RHP Gunnar Hoglund
|
Batting: RHB Daryl Yandell
|
0-0: Fly out, F8 (Flyball, 8RD, EV 95.0 MPH)
|
Batting: RHB Freedon Akinmoladun
|
0-0: Ball 1-0: Foul Ball, location: 2F 1-1: Ball 2-1: Ball 3-1: Foul Ball, location: 2F 3-2: Foul Ball, location: 2F 3-2: Fly out, F8 (Line Drive, 8LD, EV 91.2 MPH)
|
Batting: LHB Murray Sperber
|
0-0: Called Strike 0-1: Ball 1-1: Called Strike 1-2: Strikes out swinging
|
Bottom of the 7th over - 0 runs, 0 hits, 0 errors, 0 left on base; D.C. 7 - Detroit 9 |
TOP OF THE 8TH |
D.C. Divided batting - Pitching for Detroit Elite : RHP Joel Plowden
|
Batting: LHB Bill Butler
|
0-0: Ball 1-0: Ball 2-0: Called Strike 2-1: Called Strike 2-2: Ball 3-2: SINGLE (Groundball, 6MD, EV 96.2 MPH)
|
Batting: RHB Francisco Alhama
|
0-0: Ball 1-0: Ball 2-0: Ball 3-0: Ground out 3-1 (Groundball, 34S, EV 81.2 MPH) Bill Butler to second
|
Batting: LHB Manuel Carmona
|
0-0: Ball 1-0: Called Strike 1-1: Swinging Strike 1-2: Ground out U3 (Groundball, 34S, EV 67.5 MPH) Bill Butler to third
|
Batting: SHB Billy Dotson
|
0-0: Called Strike 0-1: Ball 1-1: Ball 2-1: Ball 3-1: Base on Balls
|
Pitching: RHP Salim Fakhir
|
|
Batting: RHB Martín Chávez
|
0-0: Ball 1-0: DOUBLE (Line Drive, 89M, EV 97.5 MPH) Bill Butler scores Billy Dotson to third
|
Batting: RHB Layton Arntsen
|
0-0: Ball 1-0: Ball 2-0: Foul Ball, location: 2F 2-1: Foul Ball, location: 2F 2-2: Ball 3-2: Strikes out swinging
|
Top of the 8th over - 1 run, 2 hits, 0 errors, 2 left on base; D.C. 8 - Detroit 9 |
BOTTOM OF THE 8TH |
Detroit Elite batting - Pitching for D.C. Divided : RHP Gunnar Hoglund
|
Batting: RHB Dejmi Dumervil
|
0-0: Called Strike 0-1: Ball 1-1: Ground out 4-3 (Groundball, 4, EV 86.2 MPH)
|
Batting: LHB Jack McCusker
|
0-0: SINGLE (Groundball, 4MD, EV 93.8 MPH)
|
Batting: RHB Estanislao Hirigoyen
|
0-0: Called Strike 0-1: Ball 1-1: Ball Jack McCusker steals 2nd base 2-1: TRIPLE (Flyball, 78XD, EV 89.4 MPH) Jack McCusker scores
|
Batting: RHB Manuel Ramos
|
0-0: Ball 1-0: Swinging Strike 1-1: Foul Ball, location: 2F 1-2: Foul Ball, location: 2F 1-2: Fly out, F9 (Flyball, 9D, EV 99.4 MPH) Runner from 3rd tags up, SCORES, no throw by RF
|
Pitching: RHP Nand Lal Chaudhary
|
|
Batting: RHB Amon-Ra St. Brown
|
0-0: Ball 1-0: Called Strike 1-1: Ball 2-1: Ball 3-1: Base on Balls
|
Batting: LHB Ashley Thachi
|
0-0: Called Strike 0-1: Foul Ball, location: 2F 0-2: Ball 1-2: Foul Ball, location: 2F 1-2: SINGLE (Groundball, 56D, EV 99.4 MPH) Amon-Ra St. Brown to second
|
Batting: RHB Daryl Yandell
|
0-0: Ball 1-0: Foul Ball, location: 2F 1-1: Foul Ball, location: 2F 1-2: Ball 2-2: Ball 3-2: Foul Ball, location: 2F 3-2: Base on Balls Amon-Ra St. Brown to third Ashley Thachi to second
|
Batting: RHB Freedon Akinmoladun
|
0-0: Called Strike 0-1: Ball 1-1: Ball 2-1: Swinging Strike 2-2: Foul Ball, location: 2F 2-2: Strikes out looking
|
Bottom of the 8th over - 2 runs, 3 hits, 0 errors, 3 left on base; D.C. 8 - Detroit 11 |
TOP OF THE 9TH |
D.C. Divided batting - Pitching for Detroit Elite : RHP Salim Fakhir
|
Pitching: RHP Maverick McNealy
|
|
Batting: LHB Buddy Patton
|
0-0: Called Strike 0-1: Ball 1-1: Called Strike 1-2: Ball 2-2: Ball 3-2: Reached on error, E2 (Groundball, 2L, EV 68.1 MPH)
|
Batting: RHB Charles Atkinson
|
0-0: Called Strike 0-1: Ball 1-1: Foul Ball, location: 2F 1-2: SINGLE (Groundball, 56, EV 100.6 MPH) (infield hit) Buddy Patton to third
|
Batting: RHB Kimi Okubo
|
0-0: SINGLE (Line Drive, 4D, EV 95.6 MPH) Buddy Patton scores Charles Atkinson to second
|
Batting: LHB Bill Butler
|
0-0: Ball 1-0: Ball 2-0: Foul Ball, location: 2F 2-1: 3-RUN HOME RUN (Flyball, 9D, EV 93.8 MPH), Distance : 375 ft
|
Pitching: LHP Tony Torres
|
|
Batting: RHB Francisco Alhama
|
0-0: Ground out 1-3 (Groundball, 13, EV 86.2 MPH)
|
Batting: LHB Manuel Carmona
|
0-0: Called Strike 0-1: Ball 1-1: Ball 2-1: Ball 3-1: Foul Ball, location: 2F 3-2: Foul Ball, location: 2F 3-2: Base on Balls
|
Batting: SHB Billy Dotson
|
0-0: Ball 1-0: Called Strike 1-1: Ball 2-1: Ball 3-1: SINGLE (Line Drive, 7LM, EV 104.4 MPH) Manuel Carmona to second
|
Batting: RHB Martín Chávez
|
0-0: Called Strike 0-1: Ball 1-1: Ball Wild Pitch! Manuel Carmona to third Billy Dotson to second 2-1: Intentional Walk
|
Batting: RHB Layton Arntsen
|
0-0: Ball 1-0: Called Strike 1-1: Foul Ball, location: 2F 1-2: Ball 2-2: Foul Ball, location: 2F 2-2: Foul Ball, location: 2F 2-2: DOUBLE (Line Drive, 89M, EV 106.9 MPH) Manuel Carmona scores Billy Dotson scores Martín Chávez to third
|
Batting: LHB Buddy Patton
|
0-0: Ground out 4-3 (Groundball, 4, EV 108.1 MPH) Martín Chávez scores Layton Arntsen to third
|
Batting: RHB Charles Atkinson
|
0-0: Called Strike 0-1: Ground out 5-3 (Groundball, 56, EV 81.2 MPH)
|
Top of the 9th over - 7 runs, 5 hits, 1 error, 1 left on base; D.C. 15 - Detroit 11 |
BOTTOM OF THE 9TH |
Detroit Elite batting - Pitching for D.C. Divided : RHP Nand Lal Chaudhary
|
Batting: LHB Murray Sperber
|
0-0: Swinging Strike 0-1: Ball 1-1: Swinging Strike 1-2: Foul Ball, location: 2F 1-2: Strikes out looking
|
Batting: RHB Dejmi Dumervil
|
0-0: Foul Ball, location: 2F 0-1: Ball 1-1: Called Strike 1-2: Fly out, F9 (Flyball, 9S, EV 89.4 MPH)
|
Batting: LHB Jack McCusker
|
0-0: Ball 1-0: Called Strike 1-1: Foul Ball, location: 2F 1-2: Foul Ball, location: 2F 1-2: Strikes out swinging
|
Bottom of the 9th over - 0 runs, 0 hits, 0 errors, 0 left on base; D.C. 15 - Detroit 11 |
|